 Dungeon Crawl Stone Soup version 0.29.1-15-g9cfb28693d (webtiles) character file.

Game seed: 6718002323299566154

998 leetdood the Chopper (level 8, -1/70 HPs)
             Began as a Minotaur Fighter on Mar 11, 2023.
             Was a Believer of Okawaru.
             Slain by a yak (13 damage)
             ... on level 5 of the Dungeon.
             The game lasted 00:14:33 (3849 turns).

leetdood the Chopper (Minotaur Fighter)             Turns: 3849, Time: 00:14:34

Health: -1/70      AC: 14    Str: 24    XL:     8   Next: 0%
Magic:  7/7        EV:  6    Int:  5    God:    Okawaru [**....]
Gold:   294        SH:  0    Dex:  9    Spells: 7/7 levels left

rFire   . . .      SeeInvis .   w - +1 war axe (vamp)
rCold   . . .      Faith    .   c - +0 buckler
rNeg    . . .      Spirit   .   m - +0 plate armour
rPois   .          Reflect  .   (helmet restricted)
rElec   .          Harm     .   (no cloak)
rCorr   .          Rampage  .   (no gloves)
Will    .....                   h - +0 pair of boots
Stlth   ..........              (no amulet)
HPRegen 0.21/turn               (no ring)
MPRegen 0.10/turn               (no ring)

@: confused, ambrosia-drunk
A: horns 2, retaliatory headbutt
a: Renounce Religion, Heroism


You were on level 5 of the Dungeon.
You worshipped Okawaru.
Okawaru was pleased with you.
You visited 2 branches of the dungeon, and saw 7 of its levels.

You collected 294 gold pieces.

Inventory:

Hand Weapons
 a - a +0 war axe
 d - a +0 spear of flaming
 w - a +1 vampiric war axe (weapon)
Armour
 c - a +0 buckler (worn)
 h - a +0 pair of boots (worn)
 m - a +0 plate armour (worn)
Jewellery
 o - an amulet of magic regeneration
Scrolls
 b - a scroll of noise {unknown}
 f - 2 scrolls of amnesia
 g - a scroll of magic mapping {unknown}
 p - a scroll of teleportation
 r - a scroll of identify {unknown}
 x - a scroll of fog {unknown}
Potions
 e - a potion of resistance {unknown}
 i - a potion of haste {unknown}
 j - a potion of ambrosia
 k - 3 potions of curing {unknown}
 l - a potion of magic {unknown}
 n - a potion of flight {unknown}
 s - a potion of attraction {unknown}
 u - a potion of brilliance {unknown}
 v - a potion of mutation {unknown}


   Skills:
 + Level 6.1 Fighting
 * Level 7.3 Axes
 + Level 6.1 Armour
 + Level 6.1 Shields


You had 7 spell levels left.
You didn't know any spells.
Your spell library contained the following spells:

 Spells                   Type           Power      Damage    Failure   Level
 Ensorcelled Hibernation  Hex/Ice        0%         N/A       100%        2
 Passwall                 Tmut/Erth      0%         N/A       100%        2
 Poisonous Vapours        Pois/Air       0%         N/A       100%        2
 Swiftness                Air            0%         N/A       100%        3
 Corpse Rot               Necr/Pois/Air  0%         N/A       100%        4
 Alistair's Intoxication  Tmut/Pois      0%         N/A       100%        5
 Borgnjor's Vile Clutch   Necr/Erth      0%         N/A       100%        5
 Eringya's Noxious Bog    Tmut/Pois      0%         N/A       100%        6


Dungeon Overview and Level Annotations

Branches:
Dungeon (6/15)             Temple (1/1) D:4

Altars:
Cheibriados
Dithmenos
Fedhas
Gozag
Hepliaklqana
Makhleb
Nemelex Xobeh
Okawaru
Qazlal
Ru
Sif Muna
Vehumet
Wu Jian
Xom
Zin
The Shining One


Innate Abilities, Weirdness & Mutations

You have a pair of horns on your head.
You reflexively headbutt those who attack you in melee.


Message History

The yak gores you.
You hit the yak.
You feel better.
The yak is severely wounded.
The yak gores you! The yak gores you.
You slash the yak! Your headbutt misses the yak.
The yak is almost dead.
The yak gores you but does no damage.
You slash the yak!
You kill the yak!
Okawaru accepts your kill.
Your Fighting skill increases to level 6!
Your Armour skill increases to level 6!
Your Shields skill increases to level 6!
You have reached level 8!
You feel stronger.
You barely miss the yak. The yak gores you.
You hit the yak but do no damage. Your headbutt misses the yak.
You block the yak's attack.
You closely miss the yak. Your headbutt misses the yak.
The yak gores you but does no damage.
You hit the yak. You headbutt the yak!
The yak is heavily wounded.
The yak gores you! You block the yak's attack.
You slash the yak!
You feel better.
The yak is severely wounded.
The yak gores you!
You hit the yak.
You feel better.
The yak is severely wounded.
The yak gores you.
You hit the yak. You headbutt the yak!
The yak is almost dead.
The yak gores you!
* * * LOW HITPOINT WARNING * * *
You barely miss the yak. Your headbutt misses the yak.
The yak is almost dead.
The yak gores you!
* * * LOW HITPOINT WARNING * * *
You are confused.
You feel invigorated. The yak gores you!
You die...

####### ##.....# ##
##########..###'## >..
...........##≈≈.≈≈ ....
#......#)#≈≈≈.≈§ .....
#......###≈§≈.§§
......####......#.+...⌠§§
......†Y@.........#≈§§.§≈
......####..[...###§§§§§§
##### #......# ##≈§.§≈
#......# ###'## #......#
#.... #......# #....
#......# #....
############....
#.........


You could see a yak.

Vanquished Creatures
  3 yaks (D:5)
  2 ogres
  A bullfrog (D:6)
  4 hounds
  2 iguanas
  4 gnolls (D:5)
  6 adders
  A white imp (D:6)
  2 worms (D:2)
  A dart slug (D:1)
  4 orcs (D:6)
  7 bats
  6 endoplasms
  A giant cockroach (D:1)
  5 goblins
  A hobgoblin (D:2)
  3 jackals (D:1)
  2 quokkas (D:2)
  A ball python (D:2)
  A frilled lizard (D:1)
  10 kobolds
  4 rats
71 creatures vanquished.

Vanquished Creatures (others)
  A demonic plant (D:1)
  2 withered plants (D:1)
3 creatures vanquished.

Grand Total: 74 creatures vanquished

Notes
Turn   | Place    | Note
-------+----------+-------------------------------------------
     0 | D:1      | leetdood the Minotaur Fighter began the quest for the Orb.
     0 | D:1      | Reached XP level 1. HP: 19/19 MP: 0/0
   215 | D:1      | Reached XP level 2. HP: 27/27 MP: 1/1
   312 | D:1      | Reached skill level 3 in Axes
   426 | D:1      | Found a faded altar of an unknown god.
   850 | D:2      | Reached XP level 3. HP: 32/33 MP: 2/2
   899 | D:2      | You fall into a shaft and drop 2 floors!
   899 | D:4      | Found a staircase to the Ecumenical Temple.
   903 | Temple   | Entered the Ecumenical Temple
   911 | Temple   | Became a worshipper of Warmaster Okawaru
  1264 | D:3      | Found an opulent altar of Gozag.
  1265 | D:3      | Found a sacrificial altar of Ru.
  1315 | D:3      | Found a hazy altar of Hepliaklqana.
  1639 | D:2      | Reached XP level 4. HP: 40/40 MP: 3/3
  2099 | D:2      | Reached skill level 4 in Axes
  2523 | D:4      | Reached XP level 5. HP: 16/47 MP: 4/4
  2986 | D:5      | Entered Level 5 of the Dungeon
  3072 | D:5      | Noticed an ogre
  3341 | D:6      | Reached skill level 5 in Axes
  3341 | D:6      | Reached XP level 6. HP: 49/55 MP: 5/5
  3388 | D:6      | Reached skill level 5 in Fighting
  3433 | D:6      | Reached * piety under Okawaru
  3434 | D:6      | Reached skill level 5 in Armour
  3434 | D:6      | Reached skill level 5 in Shields
  3714 | D:5      | Reached skill level 6 in Axes
  3714 | D:5      | Reached XP level 7. HP: 61/61 MP: 6/6
  3811 | D:5      | Noticed a yak
  3811 | D:5      | Noticed a yak
  3811 | D:5      | Noticed a yak
  3811 | D:5      | Noticed a yak
  3819 | D:5      | Killed a yak
  3819 | D:5      | Reached ** piety under Okawaru
  3831 | D:5      | Killed a yak
  3832 | D:5      | Reached skill level 7 in Axes
  3840 | D:5      | Killed a yak
  3841 | D:5      | Reached XP level 8. HP: 47/70 MP: 7/7
  3849 | D:5      | Slain by a yak

Illustrated notes

Levels and vault maps discovered:
D:1:      matt_arrival_los_fun, layout_loops_cross,
          shapermc_ecumenical_altar_gd, wad_floor_pattern_1
D:2:      layout_basic, chequers_serial_rivers_large_a, reono_crystal_passage,
          minmay_split_cup_small
D:3:      layout_rooms, nicolae_overflow_hidden_temple
D:4:      layout_basic, minmay_temple_entry_large_hall
D:5:      layout_basic, kennysheep_flooded_box
D:6:      kennysheep_housing_project, layout_cave_pods, st_stairs_3,
          minivault_27
Temple:   nicolae_temple_x_marks_the_god

Skill      XL: |  1  2  3  4  5  6  7 |
---------------+----------------------+-----
Axes           | 3 4 5 6 7 |  7.3
Fighting       | 4 5 6 |  6.1
Armour         | 4 5 6 |  6.1
Shields        | 4 5 6 |  6.1

Action                   |  1- 3 |  4- 6 |  7- 9 || total
-------------------------+-------+-------+-------++-------
Melee: War axe           |    86 |    82 |    37 ||   205
       Headbutt          |    10 |    14 |     6 ||    30
  Use: Scroll            |       |     5 |       ||     5
       Potion            |       |     2 |     2 ||     4
Armor: Scale mail        |    21 |       |       ||    21
       Plate armour      |    21 |    45 |    12 ||    78
Dodge: Dodged            |    30 |    29 |     3 ||    62
Block: Buckler           |    18 |    15 |     9 ||    42
